 Dungeon Crawl Stone Soup version 0.31-b1-18-g61460d1e46 (webtiles) character file.

Game seed: 5777433750135703541

166 Sobieck the Trooper (level 5, -4/57 HPs)
             Began as an Oni Warper on Jan 16, 2024.
             Slain by Grinder (9 damage)
             ... on level 4 of the Dungeon.
             The game lasted 00:02:48 (2515 turns).

Sobieck the Trooper (Oni Warper)                    Turns: 2515, Time: 00:02:50

Health: -4/57      AC:  3    Str: 17    XL:     5   Next: 47%
Magic:  8/8        EV:  9    Int: 14    God:
Gold:   151        SH:  0    Dex:  8    Spells: 8/8 levels left

rFire   . . .        a - +0 mace
rCold   . . .        (no shield)
rNeg    . . .        c - +0 robe
rPois   .            (helmet restricted)
rElec   .            m - scarf {repulsion}
rCorr   .            (gloves unavailable)
SInv    .            (boots unavailable)
Will    .....        (no amulet)
Stlth   +            (no ring)
HPRegen 0.29/turn    (no ring)
MPRegen 0.11/turn

%: repel missiles
@: no status effects
A: large, unfitting armour, horns 1, tough skin 1, double potion healing,
drunken brawling
a: no special abilities


You were on level 4 of the Dungeon.
You visited 1 branch of the dungeon, and saw 4 of its levels.

You collected 151 gold pieces.

Inventory:

Hand Weapons
 a - a +0 mace (weapon)
Missiles
 j - 42 stones (quivered)
 k - 6 poisoned darts
 K - 13 darts of dispersal
Armour
 c - a +0 robe (worn)
 m - a scarf of repulsion (worn)
Scrolls
 b - a scroll of blinking
 e - 2 scrolls of vulnerability {unknown}
 h - 2 scrolls of identify {unknown}
 i - 5 scrolls of teleportation {unknown}
 l - a scroll of amnesia {unknown}
 n - a scroll of revelation {unknown}
 o - a scroll of noise {unknown}
 s - a scroll of torment {unknown}
Potions
 d - 2 potions of heal wounds {unknown}
 f - 2 potions of curing {unknown}
 g - 3 potions of brilliance {unknown}
 p - a potion of resistance {unknown}
 q - 2 potions of enlightenment {unknown}
 r - a potion of experience {unknown}


   Skills:
 + Level 5.4 Fighting
 + Level 4.1 Maces & Flails
 - Level 1.0 Throwing
 - Level 2.1 Dodging
 - Level 2.4 Spellcasting
 - Level 2.6 Translocations


You had 8 spell levels left.
You didn't know any spells.
Your spell library contained the following spells:

 Spells                   Type           Power      Damage    Failure   Level
 Blink                    Tloc           18%        N/A       12%         2
 Lesser Beckoning         Tloc           18%        N/A       12%         2
 Shock                    Conj/Air       4%         1d3       22%         1
 Teleport Other           Tloc           9%         N/A       22%         3
 Swiftness                Air            1%         N/A       56%         3
 Manifold Assault         Tloc           9%         N/A       58%         4
 Vhi's Electric Charge    Tloc/Air       10%        N/A       78%         4
 Airstrike                Air            0%         2d(1-17)  92%         4


Dungeon Overview and Level Annotations

Branches:
Dungeon (4/15)
 Temple: D:4-7

Altars:

Shops:
D:2 [

Annotations:
D:4 Grinder


Innate Abilities, Weirdness & Mutations

You are too large for most types of armour.
You have a pair of small horns on your head.
You have tough skin. (AC +1)
You gain doubled healing and magic from potions.
Whenever you drink a healing potion, you attack all around you.


Message History

Grinder hits you.
You writhe in agony.
Unknown command.
You hit Grinder.
Grinder is heavily wounded.
Grinder misses you.
You hit Grinder. Your headbutt misses Grinder.
Grinder is heavily wounded.
Grinder hits you but does no damage. Grinder closely misses you.
You hit Grinder but do no damage.
Grinder is heavily wounded.
Grinder hits you.
You closely miss Grinder. You headbutt Grinder.
Grinder is severely wounded.
Grinder barely misses you.
You closely miss Grinder.
Grinder is severely wounded.
Grinder hits you.
You writhe in agony.
You barely miss Grinder. You headbutt Grinder.
Grinder is severely wounded.
Grinder closely misses you.
You hit Grinder but do no damage.
Grinder is severely wounded.
Grinder gestures at you. Pain shoots through your body!
Grinder barely misses you.
You hit Grinder.
Grinder is almost dead.
Grinder hits you.
You writhe in agony.
* * * LOW HITPOINT WARNING * * *
You hit Grinder but do no damage.
Grinder is almost dead.
Grinder says, "I used to sell toenails on the black market."
Grinder gestures at you. You resist with significant effort.
You hit Grinder. Your headbutt misses Grinder.
Grinder is almost dead.
Grinder hits you.
* * * LOW HITPOINT WARNING * * *
You writhe in agony.
* * * LOW HITPOINT WARNING * * *
You barely miss Grinder.
Grinder is almost dead.
Grinder hits you.
* * * LOW HITPOINT WARNING * * *
You writhe in agony.
* * * LOW HITPOINT WARNING * * *
You closely miss Grinder.
Grinder is almost dead.
Grinder hits you!
You die...
Grinder says, "Hey, I wasn't done torturing you yet!"

..P.PPPPP.P.P..........
..P...P.....P...........
..P.P.P.PPP.P...........
....P.P.P.P.P..........#
..P.P.P.P.PPP..........#
..P.P.P...............#
..PPP.PPPPPPP.........#
#####.###..###.......###
#. ....# ##.@......# #
###..#####.5......
#...............
.........#######
#....###### ..


You could see Grinder.

Vanquished Creatures
  A jelly (D:3)
  An iguana (D:4)
  4 adders
  A white imp (D:3)
  3 dart slugs (D:1)
  An orc (D:3)
  6 ball pythons
  9 endoplasms
  4 giant cockroaches
  5 goblins
  5 hobgoblins
  6 jackals
  2 quokkas (D:3)
  2 frilled lizards (D:2)
  4 kobolds
  4 rats
58 creatures vanquished.

Notes
Turn   | Place    | Note
-------+----------+-------------------------------------------
     0 | D:1      | Sobieck the Oni Warper began the quest for the Orb.
     0 | D:1      | Reached XP level 1. HP: 22/22 MP: 3/3
    50 | D:1      | Reached skill level 3 in Fighting
    70 | D:1      | Reached XP level 2. HP: 25/31 MP: 5/5
   559 | D:1      | Reached XP level 3. HP: 38/39 MP: 6/6
  1002 | D:2      | Reached skill level 4 in Fighting
  1002 | D:2      | Reached skill level 3 in Maces & Flails
  1086 | D:2      | Reached XP level 4. HP: 45/49 MP: 7/7
  1444 | D:2      | Found Istruroi's Antique Armour Boutique.
  1939 | D:3      | Reached skill level 5 in Fighting
  1939 | D:3      | Reached XP level 5. HP: 30/57 MP: 8/8
  2492 | D:4      | Noticed Grinder
  2498 | D:4      | Paralysed by Grinder for 4 turns
  2515 | D:4      | Slain by Grinder

Illustrated notes

Levels and vault maps discovered:
D:1:      heliophobic_arrival_henge, layout_loops_ring
D:2:      layout_basic, serial_shops, shop
D:3:      layout_basic
D:4:      layout_cave_pods, serial_shops, nicolae_shop_rolled_up,
          nicolae_shop_waterfront, nicolae_shop_trees, nicolae_shop_drivethru,
          minmay_hedge_maze, uniq_ijyb, uniq_grinder

Skill      XL: |  1  2  3  4  5 |
---------------+----------------+-----
Fighting       | 3 4 5 |  5.4
Maces & Flails | 3 4 |  4.1
Throwing       | |  1.0
Dodging        | |  2.1
Spellcasting   | |  2.4
Translocations | |  2.6

Action                     |  1- 3 |  4- 6 || total
---------------------------+-------+-------++-------
  Melee: Mace              |    86 |    91 ||   177
         Headbutt          |    15 |    16 ||    31
         Punch             |       |     1 ||     1
 Armour: Robe              |    66 |    55 ||   121
  Dodge: Dodged            |    35 |    39 ||    74
         Repelled          |       |     1 ||     1
